 Dungeon Crawl Stone Soup version 0.13-a0-1775-g6c024ba (webtiles) character file.

4045 Kallor the Spear-Bearer (level 9, 0/74 HPs)
             Began as a Djinni Fighter on June 23, 2013.
             Was an Initiate of Okawaru.
             Slain by a hound (1 damage)
             ... on Level 8 of the Dungeon.
             The game lasted 00:28:55 (8976 turns).

Kallor the Spear-Bearer (Djinni Fighter)            Turns: 8976, Time: 00:28:55

HP   0/74        AC 11     Str 18      XL: 9   Next: 96%
MP   0/0         EV 13     Int  9      God: Okawaru [......]
Gold 242         SH  0     Dex 19      Spells:  0 memorised,  8 levels left

Res.Fire  : + + +   See Invis. : .   l - +1 halberd
Res.Cold  : . . .   Warding    : .   b - +1 scale mail
Life Prot.: + + +   Conserve   : .   (no shield)
Res.Poison: .       Res.Corr.  : .   (no helmet)
Res.Elec. : .       Clarity    : .   u - +2 cloak
Sust.Abil.: . .     Spirit.Shd : .   (no gloves)
Res.Mut.  : .       Stasis     : .   (boots unavailable)
Res.Rott. : .       Flight     : .   (no amulet)
Saprovore : . . .                    x - ring of magical power
                                     j - ring of ice

@: about to teleport, agile, slightly resistant to hostile enchantments, very
unstealthy
A: no striking features
a: Renounce Religion


You were on level 8 of the Dungeon.
You worshipped Okawaru.
Okawaru was pleased with you.
You were not hungry.

You visited 2 branches of the dungeon, and saw 10 of its levels.
You also visited: Ossuary.

You collected 480 gold pieces.
You spent 258 gold pieces at shops.

Inventory:

Hand weapons
 a - a +0,+0 trident
 d - a +0,+1 whip of flaming
 l - a +1,+1 halberd (weapon)
Missiles
 r - 22 poisoned needles
Armour
 b - a +1 scale mail (worn)
 c - a +0 shield
 i - a +0 scale mail
 u - a +2 cloak (worn)
Magical devices
 w - a wand of cold (2)
Comestibles
 p - 3 bread rations
Scrolls
 m - 4 scrolls of remove curse
 o - a scroll of curse armour
 q - 3 scrolls of recharging {unknown}
 v - a scroll of noise
 y - a scroll of enchant armour
 A - a scroll of curse jewellery {unknown}
 B - 2 scrolls of immolation
 F - a scroll of magic mapping {unknown}
 H - a scroll of identify
Jewellery
 g - a cursed ring of sustain abilities
 h - the cursed ring of Twiwepn {Hunger- rF+}
   (You found it on level 5 of the Dungeon)

   [ring of sustenance]

   It protects you from fire.
   It has a curse placed upon it.
 j - a ring of ice (left hand)
 k - a cursed ring of teleport control
 x - a ring of magical power (right hand)
Potions
 f - 2 potions of curing
 s - a potion of resistance
 z - a potion of poison
 C - 2 potions of flight
 D - a potion of brilliance
 G - a potion of slowing {unknown}
Books
 e - a book of Transfigurations

   Spells                             Type                      Level
   Stoneskin                          Transmutation/Earth          2
   Polymorph                          Hexes/Transmutation          4
   Ice Form                           Ice/Transmutation            4
   Statue Form                        Transmutation/Earth          6
   Dragon Form                        Fire/Transmutation           7
 n - a book of the Earth

   Spells                             Type                      Level
   Dig                                Earth                        4
   Leda's Liquefaction                Hexes/Earth                  4
   Bolt of Magma                      Conjuration/Fire/Earth       5
   Statue Form                        Transmutation/Earth          6
   Iron Shot                          Conjuration/Earth            6
   Shatter                            Earth                        9


   Skills:
 - Level 2.6 Fighting
 + Level 14.1 Polearms
 - Level 3.2 Armour
   Level 3.0 Shields


You had 8 spell levels left.
You didn't know any spells.

Dungeon Overview and Level Annotations

Branches:
Dungeon (9/27)             Temple (1/1) D:7
    Orc: D:6-11        Lair: D:8-13

Altars:
Ashenzari
Cheibriados
Elyvilon
Fedhas
Kikubaaqudgha
Makhleb
Nemelex Xobeh
Okawaru
Sif Muna
Trog
Vehumet
Xom
Yredelemnul
Zin
the Shining One

Shops:
D:6: !

Annotations
D:4 Blork the orc, Prince Ribbit
D:5 Grinder
D:8 Grum
D:9 Joseph


Message History

* * * LOW HITPOINT WARNING * * *
Grum barely misses you. The hound bites you.
* * * LOW HITPOINT WARNING * * *
Unknown command.
Drink which item? (? for menu, Esc to quit)
You feel better. The war dog closely misses you.
The hound bites you but does no damage. Grum hits you with a spear.
The war dog bites you.
* * * LOW HITPOINT WARNING * * *
Unknown command.
Read which item? (? for menu, Esc to quit)
As you read the scroll of teleportation, it crumbles to dust.
You feel strangely unstable. The war dog bites you.
* * * LOW HITPOINT WARNING * * *
The hound bites you.
* * * LOW HITPOINT WARNING * * *
Grum hits you with a spear!
* * * LOW HITPOINT WARNING * * *
The war dog closely misses you. The hound bites you.
You die...

.......# #........)..).......
.......# #.........#'##..P..#
.......# #......####..####'##
.......#######......#.))..#.(#..#
....................#..#.()..#..#
.......#######......########+#(.#
.......# #..#....#..#....##'#
.......# ###.h##...#).#........
.......#####...h@g..##'##.#######
....................#..)..#.(.'..
.......#####>.......#.)#..'...#.)
.......#####.......#####.########
...............<...#..'..)...'..#
.......#####..)....#.)#..#..[#..#
.......# #.......#####.#...####
.?.....# #........#..#.#####...
.......# #........+..'........#


You could see Grum, a war dog and a hound.

Vanquished Creatures
  Pikel (D:4)
  The ghost of shugdite the Shield-Bearer, an experienced MiFi (D:5)
  Edmund (D:7)
  2 war dogs (D:8)
  Menkaure (D:5)
  2 sky beasts (D:7)
  An orc warrior (D:8)
  A hippogriff zombie (D:5)
  2 centaurs (D:5)
  An ice beast (D:7)
  3 ogres
  Sigmund (D:6)
  3 giant frogs
  A giant frog skeleton (D:6)
  3 wights (D:6)
  2 goliath beetles (D:6)
  4 crimson imps
  An ogre zombie (D:6)
  2 orc priests
  4 iguanas
  Crazy Yiuf (D:5)
  3 hounds
  A mottled dragon skeleton (D:8)
  5 orc wizards
  A scorpion (D:7)
  7 worker ants
  3 mummies (Ossuary)
  A gnoll (D:8)
  12 adders
  2 giant mites (D:6)
  An inept feature mimic (D:5)
  An adder zombie (D:5)
  A worm (D:2)
  A bat skeleton (D:4)
  A giant eyeball (D:6)
  3 gnoll skeletons (Ossuary)
  4 gnoll zombies (Ossuary)
  2 oozes
  24 orcs
  6 giant cockroaches
  18 hobgoblins
  11 jackals
  27 kobolds
  4 quokkas
  A ball python (D:1)
  18 bats
  7 giant geckos
  4 giant newts
  18 goblins
  4 goblin skeletons (Ossuary)
  A goblin zombie (Ossuary)
  2 hobgoblin skeletons (Ossuary)
  6 hobgoblin zombies (Ossuary)
  3 kobold skeletons
  A kobold zombie (Ossuary)
  2 orc skeletons (Ossuary)
  An orc zombie (Ossuary)
  16 rats
  2 rat skeletons (Ossuary)
263 creatures vanquished.

Vanquished Creatures (others)
  An orc wizard (D:4)
  A jelly (D:4)
  A mummy (Ossuary)
  An adder (D:4)
  A giant gecko (D:4)
  2 orcs
  A spectral orc (D:4)
  3 goblin zombies (Ossuary)
  4 hobgoblin zombies (Ossuary)
  7 kobold skeletons (Ossuary)
  3 kobold zombies (Ossuary)
  2 orc skeletons (Ossuary)
  2 orc zombies (Ossuary)
  2 rat skeletons (Ossuary)
  4 toadstools (D:1)
35 creatures vanquished.

Grand Total: 298 creatures vanquished

Notes
Turn   | Place    | Note
--------------------------------------------------------------
     0 | D:1      | Kallor, the Djinni Fighter, began the quest for the Orb.
     0 | D:1      | Reached XP level 1. HP: 16/16 MP: 0/0
   108 | D:1      | Reached XP level 2. EP: 22/22
   616 | D:1      | Reached XP level 3. EP: 28/28
   644 | D:2      | Reached skill level 4 in Polearms
   784 | D:2      | Reached XP level 4. EP: 28/35
  1012 | D:2      | Reached skill level 5 in Polearms
  1438 | D:2      | Found a shimmering altar of Xom.
  1765 | D:3      | Reached XP level 5. EP: 40/40
  2358 | D:3      | Reached skill level 6 in Polearms
  2369 | D:3      | Found a shimmering altar of Xom.
  2369 | D:3      | Found a burning altar of Makhleb.
  2678 | D:4      | Noticed Blork the orc
  2695 | D:5      | Entered Level 5 of the Dungeon
  2904 | D:4      | Noticed a slave
  2905 | D:4      | Noticed Pikel
  2905 | D:4      | Noticed a slave
  2906 | D:4      | Noticed a slave
  2946 | D:4      | Noticed a slave
  3012 | D:4      | Reached skill level 7 in Polearms
  3012 | D:4      | Reached XP level 6. EP: 47/47
  3158 | D:4      | Killed Pikel
  3158 | D:4      | Reached skill level 9 in Polearms
  3158 | D:4      | Reached XP level 7. EP: 34/53
  3164 | D:4      | Found a basalt altar of Yredelemnul.
  3404 | D:4      | Found a sparkling altar of Nemelex Xobeh.
  3415 | D:4      | Noticed Prince Ribbit
  3712 | D:5      | Got a shimmering iron ring
  3741 | D:5      | Noticed Grinder
  3775 | D:5      | Found a radiant altar of Vehumet.
  4036 | D:5      | Reached skill level 10 in Polearms
  4036 | D:5      | Reached XP level 8. EP: 35/60
  4329 | D:5      | Noticed Crazy Yiuf
  4340 | D:5      | Killed Crazy Yiuf
  4419 | D:5      | Found a blossoming altar of Fedhas.
  4430 | D:5      | Noticed a centaur
  4459 | D:5      | Killed a centaur
  4654 | D:5      | Noticed Menkaure
  4670 | D:5      | Killed Menkaure
  4968 | D:5      | Noticed shugdite's ghost (experienced MiFi)
  5041 | D:6      | Identified the ring of Twiwepn {Hunger- rF+} (You found it on level 5 of the Dungeon)
  5096 | D:6      | Reached skill level 11 in Polearms
  5109 | D:6      | Noticed Sigmund
  5132 | D:6      | Killed Sigmund
  5171 | D:6      | Paralysed by a giant eyeball for 3 turns
  5197 | D:6      | Paralysed by a giant eyeball for 3 turns
  5276 | D:6      | Found Ofaduamp's Distillery.
  5330 | D:6      | Bought a potion of heal wounds for 36 gold pieces
  5330 | D:6      | Bought a potion of heal wounds for 36 gold pieces
  5369 | D:6      | Found a sand-covered staircase.
  5374 | Ossuary  | Entered an ossuary
  5760 | D:6      | Bought a potion of resistance for 84 gold pieces
  5760 | D:6      | Bought 2 potions of flight for 72 gold pieces
  5760 | D:6      | Bought a potion of brilliance for 30 gold pieces
  6306 | D:5      | Killed shugdite's ghost
  6306 | D:5      | Reached skill level 12 in Polearms
  6306 | D:5      | Reached XP level 9. EP: 51/65
  7117 | D:7      | Noticed Edmund
  7130 | D:7      | Killed Edmund
  7130 | D:7      | Reached skill level 13 in Polearms
  7276 | D:7      | Found a shattered altar of Ashenzari.
  7422 | D:7      | Found a staircase to the Ecumenical Temple.
  7428 | Temple   | Entered the Ecumenical Temple
  7435 | Temple   | Became a worshipper of Warmaster Okawaru
  8768 | D:9      | Noticed Grum
  8773 | D:9      | Noticed Joseph
  8775 | D:8      | Reached skill level 14 in Polearms
  8976 | D:8      | HP: 1/74 [Grum/spear (9)]
  8976 | D:8      | Slain by a hound

Action                   |  1- 3 |  4- 6 |  7- 9 || total
-------------------------+-------+-------+-------++-------
Melee: Trident           |   172 |   311 |   505 ||   988
       Halberd           |       |       |   239 ||   239
Evoke: Wand              |       |       |     5 ||     5
  Use: Scroll            |     2 |     6 |    14 ||    22
       Potion            |     1 |     5 |    11 ||    17
